 Dungeon Crawl Stone Soup version 0.27.1-3-gb3d3a73c9e (webtiles) character file.

Game seed: 6243795761340305828

903 styxcanada the Covert (level 7, -11/35 HPs)
             Began as a Spriggan Brigand on Oct 11, 2021.
             Killed by divine providence
             ... invoked by an orc priest
              (13 damage)
             ... on level 6 of the Dungeon.
             The game lasted 00:26:29 (6384 turns).

styxcanada the Covert (Spriggan Brigand)            Turns: 6384, Time: 00:26:29

Health: -11/35     AC:  3    Str:  7    XL:     7   Next: 80%
Magic:  12/12      EV: 18    Int: 12    God:
Gold:   190        SH: 13    Dex: 19    Spells: 9/11 levels left

rFire    . . .     SeeInvis +   k - +4 dagger (venom)
rCold    . . .     Faith    .   f - +2 buckler {reflect}
rNeg     . . .     Spirit   .   b - +0 robe
rPois    +         Reflect  +   (helmet restricted)
rElec    .         Harm     .   c - +0 cloak
rCorr    .         Rampage  .   (gloves unavailable)
Will     +....                  (boots unavailable)
Stlth    ++++......             n - amulet of reflection
HPRegen  0.11/turn              s - ring of poison resistance
MPRegen  0.13/turn              (no ring)

@: very quick
A: very small, no large weapons, unfitting armour, see invisible, speed 3
a: no special abilities


You were on level 6 of the Dungeon.
You visited 1 branch of the dungeon, and saw 6 of its levels.
You also visited: Sewer.

You collected 214 gold pieces.
You spent 24 gold pieces at shops.

Inventory:

Hand Weapons
 a - a +2 dagger
 h - a +1 dagger of flaming
 k - a +4 dagger of venom (weapon)
 m - a +0 hunting sling
 o - a +0 short sword of electrocution
 u - a +1 short sword of protection
 v - a +3 dagger
Missiles
 d - 18 poisoned darts (quivered)
 e - 2 curare-tipped darts
 p - 236 stones
 r - 5 boomerangs
Armour
 b - a +0 robe (worn)
 c - a +0 cloak (worn)
 f - a +2 buckler of reflection (worn)
Jewellery
 n - an amulet of reflection (around neck)
 s - a ring of poison resistance (left hand)
Wands
 i - a wand of acid (18)
Scrolls
 g - a scroll of blinking
 j - 2 scrolls of identify
 t - a scroll of teleportation
 w - a scroll of silence
 x - a scroll of immolation
Potions
 l - 4 potions of heal wounds
 q - 3 potions of curing


   Skills:
 * Level 2.7 Fighting
 + Level 3.3 Short Blades
 + Level 1.0(2.4) Slings
 + Level 2.8(2.9) Throwing
 * Level 4.2 Dodging
 * Level 9.2 Stealth
 * Level 1.5 Shields
 * Level 2.8 Spellcasting
 * Level 1.8 Air Magic
 * Level 2.0 Poison Magic
 * Level 2.2 Evocations


You had 9 spell levels left.
You knew the following spells:

 Your Spells              Type           Power      Damage    Failure   Level
a - Poisonous Vapours     Pois/Air       12%        N/A       26%         2

Your spell library contained the following spells:

 Spells                   Type           Power      Damage    Failure   Level
 Corpse Rot               Necr/Air       N/A        N/A       36%         2
 Gell's Gravitas          Tloc           0%         N/A       73%         3
 Lesser Beckoning         Tloc           0%         N/A       73%         3
 Teleport Other           Tloc           1%         N/A       73%         3
 Freezing Cloud           Conj/Ice/Air   1%         6-21      100%        5


Dungeon Overview and Level Annotations

Branches:
Dungeon (6/15)              Sewer (visited)
 Temple: D:4-7

Altars:
Cheibriados
Elyvilon
Kikubaaqudgha
Yredelemnul
The Shining One

Shops:
D:5 *


Innate Abilities, Weirdness & Mutations

You are very small and have problems with some larger weapons.
You are too small for most types of armour.
You have supernaturally acute eyesight. (SInv)
You cover ground extremely quickly. (Speed+++)


Message History

Found a scroll labelled XELOUCZUFUPS.
You see here a glowing yellow potion.
An adder comes into view.
The helpless Blork the orc fails to defend himself.
You perforate Blork the orc like a sieve!!!
You kill Blork the orc!
The orc priest calls upon Beogh to heal the orc warrior.
The orc warrior's wounds heal themselves!
Found a helmet.
You hit the adder but do no damage. You block the adder's attack.
You block the adder's attack.
Found an orange potion.
Aiming: Corrosive Bolt
Press: ? - help, Shift-Dir - straight line, f/p - adder
Aim: an adder (53% to hit)
The bolt of acid hits the adder!
The adder is splashed with acid!
The acid corrodes the adder!
You kill the adder!
The bolt of acid misses the adder.
The bolt of acid hits the orc!
The orc is splashed with acid.
The acid corrodes the orc!
You kill the orc!
Your Poison Magic skill increases to level 2!
You hit the adder.
The adder is poisoned.
The adder is moderately wounded.
The adder misses you.
You hit the adder but do no damage.
The adder is severely wounded.
You block the adder's attack.
You hit the adder.
You kill the adder!
You see here an adder corpse.
You hit the orc warrior but do no damage.
The orc warrior hits you with a +0 mace!
The orc priest invokes the aid of Beogh against you.
Beogh smites you!
* * * LOW HITPOINT WARNING * * *
You see here an orange potion.
The orc priest calls down the wrath of Beogh upon you.
Beogh smites you!
You die...

#......#.#
.#####......#.##
.................
..............#.#
...#.........#.#
#.##...#.#.#.....###.##
#.##...................
##.##...#.#.#o.!@.#
........)o.†o.Z...#
##.##...#.#.#..##.#
...............# .#
..).....#####..# ##
........## #..#
##.#.......[..##
Z.!#........###
............#


You could see an orc warrior, an orc priest, an orc and a wyvern zombie.

Vanquished Creatures
  A water moccasin (D:5)
  Blork the orc (D:6)
  A kobold brigand (D:4)
  2 bullfrogs (Sewer)
  3 scorpions
  A hound (D:4)
  An orc priest (D:4)
  An orc wizard (D:4)
  An iguana (D:5)
  Robin (D:2)
  10 adders
  A shadow imp (D:5)
  2 adder skeletons (D:4)
  3 dart slugs
  3 worms
  11 orcs
  5 ball pythons
  6 endoplasms
  11 giant cockroaches
  18 goblins
  8 hobgoblins
  6 kobolds
  8 quokkas
  A bat (D:3)
  9 frilled lizards
  8 rats
123 creatures vanquished.

Notes
Turn   | Place    | Note
-------+----------+-------------------------------------------
     0 | D:1      | styxcanada the Spriggan Brigand began the quest for the
                  | Orb.
     0 | D:1      | Reached XP level 1. HP: 10/10 MP: 2/2
    31 | D:1      | Reached skill level 6 in Stealth
   253 | D:1      | Reached XP level 2. HP: 14/14 MP: 3/3
   356 | D:1      | Found a faded altar of an unknown god.
  1079 | D:2      | Reached XP level 3. HP: 13/18 MP: 4/4
  1599 | D:2      | Reached skill level 7 in Stealth
  2292 | D:2      | Noticed Robin
  2333 | D:2      | Reached XP level 4. HP: 7/23 MP: 5/5
  2712 | D:2      | Killed Robin
  3165 | D:2      | Learned a level 2 spell: Poisonous Vapours
  3220 | D:3      | Identified a scroll of acquirement
  3220 | D:3      | Acquired a +2 buckler of reflection
  3253 | D:3      | Found an ancient bone altar of Kikubaaqudgha.
  3254 | D:3      | Found a white marble altar of Elyvilon.
  3314 | D:3      | Found a glowing drain.
  3324 | Sewer    | Entered a sewer
  3569 | Sewer    | Noticed a bullfrog
  3572 | Sewer    | Noticed a bullfrog
  3587 | Sewer    | Killed a bullfrog
  3588 | Sewer    | Reached skill level 1 in Spellcasting
  3588 | Sewer    | Reached XP level 5. HP: 21/26 MP: 5/7
  3928 | D:3      | Reached skill level 1 in Shields
  4132 | D:3      | Reached skill level 8 in Stealth
  4132 | D:3      | Reached XP level 6. HP: 30/30 MP: 9/9
  4301 | D:3      | Reached skill level 1 in Poison Magic
  5050 | D:4      | Reached skill level 1 in Air Magic
  5577 | D:4      | Found a glowing golden altar of the Shining One.
  5585 | D:4      | Reached skill level 1 in Evocations
  5657 | D:4      | Reached XP level 7. HP: 35/35 MP: 11/11
  5776 | D:5      | Entered Level 5 of the Dungeon
  5780 | D:5      | Found Voedgho's Assorted Antiques.
  5792 | D:5      | Bought a scroll labelled DEITTA RESEN for 24 gold pieces
  5911 | D:5      | Reached skill level 9 in Stealth
  6106 | D:5      | Reached skill level 1 in Slings
  6144 | D:5      | Found a basalt altar of Yredelemnul.
  6215 | D:5      | Found a snail-covered altar of Cheibriados.
  6356 | D:6      | Noticed Blork the orc
  6362 | D:6      | Killed Blork the orc
  6380 | D:6      | HP: 1/35 [orc priest/divine providence (10)]
  6384 | D:6      | Killed from afar by an orc priest

Illustrated notes

Levels and vault maps discovered:
D:1:      matt_arrival_grand_opening, layout_basic, basic_ecumenical_altar
D:2:      cheibrodos_helix_gallery, layout_rooms,
          chequers_serial_rivers_small_a, uniq_robin
D:3:      layout_loops_corners, minitemple, portal_sewer_entry_d,
          chequers_serial_rivers_small_b
D:4:      layout_basic, amcnicky_altar_gilded
D:5:      layout_cave_pools, mainiacjoe_overflow_swirl, serial_shops,
          nicolae_shop_overgrown_old_shop
D:6:      layout_basic, makhleb_blood_cavern_becter,
          mainiacjoe_overflow_catwalk, minmay_temple_entry_mist, serial_glass,
          glass_columns_b, glass_columns_b, feat_on_display,
          due_unseen_surprise, feat_on_display, feat_on_display,
          uniq_blork_the_orc

Skill      XL: |  1  2  3  4  5  6  7 |
---------------+----------------------+-----
Stealth        | 6 7 8 9 |  9.2
Dodging        | 2 3 4 |  4.2
Fighting       | 2 |  2.7
Spellcasting   | 1 2 |  2.8
Shields        | 1 |  1.5
Poison Magic   | 1 2 |  2.0
Short Blades   | 3 |  3.3
Air Magic      | 1 |  1.8
Evocations     | 1 2 |  2.2
Slings         | 1 |  1.0
Throwing       | |  2.8

Action                   |  1- 3 |  4- 6 |  7- 9 || total
-------------------------+-------+-------+-------++-------
Melee: Dagger            |   129 |   172 |    40 ||   341
       Short sword       |       |     2 |       ||     2
 Fire: Hunting sling     |       |    13 |       ||    13
Throw: Dart              |    17 |    45 |     6 ||    68
Evoke: Wand              |       |       |     1 ||     1
  Use: Scroll            |       |    11 |     1 ||    12
 Stab: Sleeping          |     9 |    20 |     3 ||    32
Armor: Robe              |    26 |    15 |       ||    41
Dodge: Dodged            |    60 |    80 |    14 ||   154
Block: Other             |    11 |     6 |       ||    17
       Buckler           |       |    66 |    20 ||    86
